 Dungeon Crawl Stone Soup version 0.30.1-11-g7821555f0a (webtiles) character file.

Game seed: 15396015063238564142

466 booth the Cudgeller (level 7, -2/39 HPs)
             Began as a Gargoyle Monk on Oct 30, 2023.
             Was a Priest of Hepliaklqana.
             Slain by Pikel
             ... wielding a +0 whip of flaming
              (9 damage)
             ... on level 4 of the Dungeon.
             The game lasted 00:24:31 (3767 turns).

booth the Cudgeller (Gargoyle Monk)                 Turns: 3767, Time: 00:24:32

Health: -2/39      AC:  6    Str: 14 (16) XL:     7   Next: 8%
Magic:  7/7        EV: 12    Int: 11      God:    Hepliaklqana [***...]
Gold:   150        SH:  0    Dex: 12      Spells: 6/6 levels left

rFire   + . .        a - +2 mace
rCold   . . .        (no shield)
rNeg    + . .        z - +1 robe "Qeguotu" {rCorr}
rPois   ∞            (no helmet)
rElec   +            (no cloak)
rCorr   +            (no gloves)
SInv    .            (no boots)
Will    .....        (no amulet)
Stlth   +            r - ring of protection from fire
HPRegen 0.26/turn    (no ring)
MPRegen 0.10/turn

%: clarity
@: brilliant, attractive
A: reduced essence, sickness immunity, AC +4, negative energy resistance 1,
electricity resistance, torment resistance 1, petrification resistance, fangs 1,
clarity, deformed body, noise suppression
a: Renounce Religion, Recall Ancestor, Ancestor Identity, Transference


You were on level 4 of the Dungeon.
You worshipped Hepliaklqana.
Hepliaklqana was most pleased with you.
You visited 1 branch of the dungeon, and saw 4 of its levels.
You also visited: Sewer.

You collected 150 gold pieces.

Inventory:

Hand Weapons
 a - a +2 mace (weapon)
 g - a +0 mace
 w - a +2 morningstar of protection
 y - the +8 hand axe "Jilim" {heavy, rC+ rN+ Dex+4}
   (You found it in a sewer)

   Dex:       It affects your dexterity (+4).
   rC:        It protects you from cold.
   rN:        It protects you from negative energy.
Missiles
 e - 8 poisoned darts (quivered)
Armour
 b - the +5 kite shield of Dishonesty {rN+ Str+2}
   (You acquired it on level 3 of the Dungeon)

   Str:       It affects your strength (+2).
   rN:        It protects you from negative energy.
 d - an orb of light
 k - a +0 ring mail
 z - the +1 robe "Qeguotu" (worn) {rCorr}
   (You found it on level 3 of the Dungeon)

   rCorr:     It protects you from acid and corrosion.
Jewellery
 r - a ring of protection from fire (left hand)
Wands
 h - a wand of flame (9)
Scrolls
 f - a scroll of magic mapping {unknown}
 i - a scroll of fear
 o - 4 scrolls of teleportation
 p - a scroll of identify
 s - a scroll of summoning {unknown}
 A - a scroll of noise {unknown}
 B - a scroll of poison
Potions
 c - a potion of ambrosia
 l - a potion of brilliance
 n - a potion of flight {unknown}
 q - a potion of lignification {unknown}
 t - 3 potions of heal wounds {unknown}
 u - a potion of mutation
 v - 2 potions of magic {unknown}
 x - a potion of resistance
 C - a potion of experience {unknown}


   Skills:
 + Level 5.4 Fighting
 * Level 6.3 Maces & Flails
 - Level 2.4 Dodging
 + Level 1.8 Shields


You had 6 spell levels left.
You didn't know any spells.
Your spell library contained the following spells:

 Spells                   Type           Power      Damage    Failure   Level
 Apportation              Tloc           0%         N/A       34%         1
 Necrotise                Necr           0%         1d4       34%         1
 Summon Small Mammal      Summ           0%         N/A       34%         1
 Ozocubu's Armour         Ice            0%         N/A       71%         3
 Metabolic Englaciation   Hex/Ice        0%         N/A       100%        5
 Simulacrum               Ice/Necr       0%         N/A       100%        6


Dungeon Overview and Level Annotations

Branches:
Dungeon (4/15)              Sewer (visited)
 Temple: D:4-7

Altars:
Gozag
Hepliaklqana
Kikubaaqudgha
Nemelex Xobeh
Ru

Shops:
D:3 [

Annotations:
D:4 Pikel


Innate Abilities, Weirdness & Mutations

Your life essence is reduced to manifest your ancestor. (-10% HP)
You are immune to sickness and miasma.
Your stone body is resilient. (AC +4)
You are immune to poison.
You resist negative energy. (rN+)
You are resistant to electric shocks. (rElec)
You are resistant to unholy torment.
You are immune to petrification.
You have very sharp teeth.
You possess an exceptional clarity of mind.
Armour fits poorly on your strangely shaped body.
You passively dampen the noise of your surroundings.


Message History

The hound is almost dead.
The hound closely misses you.
You barely miss the hound. Your bite misses the hound.
The hound is almost dead.
The hound barely misses you. The hound closely misses you.
You thump the hound!
You kill the hound!
You feel your dexterity returning.
Throw: 10 darts (poison)
Press: ? - help, Q - select action, (/) - cycle Shift-Dir - straight line, f - lemure
Aim: a lemure (severely wounded, 51% to hit)
You throw a poisoned dart.
The poisoned dart closely misses the lemure.
The poisoned dart misses the lemure.
The poisoned dart closely misses the lemure.
Throw: 9 darts (poison)
Press: ? - help, Q - select action, (/) - cycle Shift-Dir - straight line, f/p - lemure
Aim: a lemure (severely wounded, 51% to hit)
You throw a poisoned dart. The poisoned dart barely misses Pikel.
The poisoned dart barely misses the lemure.
You miss Pikel. Your bite misses Pikel. Pikel misses you.
You hit Pikel.
Pikel is lightly wounded.
Pikel closely misses you.
You closely miss Pikel. You bite Pikel, but do no damage.
Pikel is lightly wounded.
Pikel hits you with a +0 whip of flaming!
* * * LOW HITPOINT WARNING * * *
You feel better.
Pikel hits you with a +0 whip of flaming.
* * * LOW HITPOINT WARNING * * *
Pikel burns you.
* * * LOW HITPOINT WARNING * * *
It was a potion of brilliance.
You feel clever all of a sudden. Pikel closely misses you.
It was a potion of attraction.
You feel attractive to monsters.
Pikel hits you with a +0 whip of flaming!
You die...

... #. ...# ## ...#
...#########+###
...............#
.........(.....#
...............#########
..............5##......#
#........(...55K@......+
#.............5##......#
?..............##......#
...............##......#
...............##......#
......###########......#
##....# #......# ######
#......# #......#


You could see Pikel and 4 lemures.

Vanquished Creatures
  A hound (D:4)
  A gnoll (D:3)
  3 river rats
  An adder (D:2)
  2 worms (D:2)
  3 dart slugs
  3 orcs
  6 ball pythons
  4 bats
  7 endoplasms
  5 giant cockroaches
  7 goblins
  5 hobgoblins
  A quokka (D:4)
  3 frilled lizards
  7 kobolds
  8 rats
67 creatures vanquished.

Vanquished Creatures (collateral kills)
  An ice beast (D:3)
  An orc wizard (D:4)
  3 gnolls (D:3)
  5 adders
  6 river rats (Sewer)
  2 worms
  2 orcs (D:4)
  4 endoplasms
  A giant cockroach (D:3)
  5 hobgoblins
  14 kobolds (Sewer)
  A quokka (D:3)
  2 ball pythons (Sewer)
  3 frilled lizards
  A goblin (D:4)
  11 rats
62 creatures vanquished.

Vanquished Creatures (others)
  2 battlemagi (D:4)
2 creatures vanquished.

Grand Total: 131 creatures vanquished

Notes
Turn   | Place    | Note
-------+----------+-------------------------------------------
     0 | D:1      | booth the Gargoyle Monk began the quest for the Orb.
     0 | D:1      | Reached XP level 1. HP: 14/14 MP: 1/1
   138 | D:1      | Reached XP level 2. HP: 19/19 MP: 2/2
   457 | D:1      | Reached XP level 3. HP: 20/24 MP: 3/3
  1176 | D:2      | Reached skill level 4 in Maces & Flails
  1295 | D:2      | Found an ancient bone altar of Kikubaaqudgha.
  1348 | D:2      | Reached XP level 4. HP: 29/29 MP: 4/4
  1566 | D:2      | Found a faded altar of an unknown god.
  1587 | D:2      | Prayed at the altar of an unknown god.
  1587 | D:2      | Became a worshipper of Hepliaklqana the Forgotten
  1587 | D:2      | Reached * piety under Hepliaklqana
  1587 | D:2      | Reached ** piety under Hepliaklqana
  1588 | D:2      | Remembered your ancestor Ramosa as a battlemage
  2086 | D:3      | Found Voupofo's Armour Shop.
  2147 | D:3      | Reached XP level 5. HP: 30/30 MP: 5/5
  2423 | D:3      | Reached skill level 5 in Maces & Flails
  2498 | D:3      | Found an opulent altar of Gozag.
  2555 | D:3      | Identified the +1 robe "Qeguotu" {rCorr}
  2585 | D:3      | Noticed an ice beast
  2591 | D:3      | Killed an ice beast
  2592 | D:3      | Reached XP level 6. HP: 18/36 MP: 6/6
  2698 | D:3      | Found a sparkling altar of Nemelex Xobeh.
  2713 | D:3      | Identified a scroll of acquirement
  2713 | D:3      | Acquired the +5 kite shield of Dishonesty {rN+ Str+2}
  2721 | D:3      | Gained mutation: You passively dampen the noise of your
                  | surroundings. [potion of mutation]
  2721 | D:3      | Gained mutation: You have very sharp teeth. [potion of
                  | mutation]
  2721 | D:3      | Gained mutation: Armour fits poorly on your strangely
                  | shaped body. [potion of mutation]
  2721 | D:3      | Gained mutation: You possess an exceptional clarity of
                  | mind. [potion of mutation]
  2759 | D:4      | Reached skill level 5 in Fighting
  2849 | D:4      | Reached *** piety under Hepliaklqana
  2869 | D:4      | Found a glowing drain.
  2896 | Sewer    | Entered a sewer
  3085 | Sewer    | Reached skill level 6 in Maces & Flails
  3085 | Sewer    | Reached skill level 1 in Shields
  3152 | Sewer    | Identified the +8 hand axe "Jilim" {heavy, rC+ rN+ Dex+4}
  3656 | D:4      | Found a sacrificial altar of Ru.
  3668 | D:4      | Reached XP level 7. HP: 39/39 MP: 7/7
  3740 | D:4      | Noticed Pikel
  3767 | D:4      | Slain by Pikel

Illustrated notes

Levels and vault maps discovered:
D:1:      minmay_arrival_open_corners, layout_rooms, serial_rivers,
          chequers_serial_rivers_small_b, chequers_serial_rivers_micro_e,
          chequers_serial_rivers_room_b, chequers_serial_rivers_room_b,
          nicolae_kite_square_tiling_tiny, minmay_close_crescents
D:2:      layout_basic, shapermc_ecumenical_altar_mp_urbaneastern, basic_altar,
          st_stairs_12, dreamdust_mushroom_princess
D:3:      layout_basic, nicolae_gozag_seed_capital, nemelex_spade_bored_becter,
          serial_shops, shop, grunt_ministairs_11
D:4:      layout_basic, nicolae_ru_great_annihilating_truth,
          mainiacjoe_overflow_surrounded_room, portal_sewer_entry_a,
          solitary_fountain, uniq_menkaure, uniq_pikel

Skill      XL: |  1  2  3  4  5  6 |
---------------+-------------------+-----
Maces & Flails | 4 5 6 |  6.3
Fighting       | 4 5 |  5.4
Shields        | 1 |  1.8
Dodging        | |  2.4

Action                     |  1- 3 |  4- 6 |  7- 9 || total
---------------------------+-------+-------+-------++-------
  Melee: Mace              |   101 |    85 |    12 ||   198
         Bite              |       |     8 |     2 ||    10
  Throw: Dart              |     2 |     4 |     2 ||     8
 Invoke: Ancestor Life: Ba |       |     1 |       ||     1
         Ancestor Identity |       |     1 |       ||     1
    Use: Scroll            |     4 |     4 |       ||     8
         Potion            |       |     5 |     3 ||     8
   Stab: Distracted        |       |     1 |       ||     1
 Armour: Robe              |    43 |    16 |     4 ||    63
  Dodge: Dodged            |    68 |    49 |    19 ||   136
